[Event "Team 45 45 League T37"]
[Site "Internet Chess Club"]
[Date "2008.06.02"]
[Round "6"]
[White "Kingofknights"]
[Black "vkpanch"]
[Result "1-0"]
[WhiteElo "1802"]
[BlackElo "1699"]
[Opening "QGD semi-Slav: 5...Nd7"]
[ECO "D45"]
[Time "21:41:43"]
[TimeControl "2700+45"]

1. d4 d5 2. c4 c6 3. Nf3 Nf6 4. Nc3 e6 5. e3 Nbd7 6. b3 Bd6 7. cxd5 cxd5 8. Be2
a6 9. O-O O-O 10. Bb2 e5 11. Nxd5 Nxd5 12. dxe5 Nxe5 13. Bxe5 Bxe5 14. Nxe5 Nc3
15. Qc2 Qc7 16. Nc4 Nd5 17. Rac1 Nb4 18. Qd2 Nc6 19. Qd6 Qxd6 20. Nxd6 Rd8 21.
Nxc8 Raxc8 22. Rfd1 Nb4 23. a3 Na2 24. Rxc8 Rxc8 25. Bf3 Nc3 26. Bxb7 Rb8 27.
Rd3 Nb5 28. a4 Nc7 29. g3 g6 30. Bf3 Ne6 31. Rc3 Ng5 32. Bd5 Rd8 33. Bb7 Rd2 34.
Kg2 Kg7 35. h4 Ne6 36. Bxa6 Rd6 37. Bc4 Nc5 38. Bb5 Ne4 39. Rd3 Rf6 40. f4 Nc5
41. Rc3 Ne4 42. Rc6 Nd6 43. Bd3 Kf8 44. a5 Ke8 45. a6 Kd7 46. Rc3 Nc8 47. b4 Re6
48. Kf3 Rb6 49. b5 Nd6 50. a7 Nxb5 51. Bxb5+ Rxb5 52. a8=Q Rf5 {Black resigns}
1-0

[Event "Team 45 45 League T37"]
[Site "Internet Chess Club"]
[Date "2008.05.29"]
[Round "6"]
[White "avila"]
[Black "tryanything"]
[Result "1/2-1/2"]
[WhiteElo "1658"]
[BlackElo "1673"]
[Opening "Ruy Lopez: closed (10...c5)"]
[ECO "C96"]
[Time "19:00:10"]
[TimeControl "2700+45"]

1. e4 e5 2. Nf3 Nc6 3. Bb5 a6 4. Ba4 Nf6 5. O-O Be7 6. Re1 b5 7. Bb3 O-O 8. c3
d6 9. h3 Na5 10. Bc2 c5 11. d4 cxd4 12. cxd4 exd4 13. Nxd4 Bb7 14. Bf4 Nc4 15.
b3 Ne5 16. Nd2 Re8 17. Bg3 Qb6 18. Nf5 Bf8 19. Bh4 d5 20. Bxf6 Qxf6 21. exd5
Bxd5 22. Rc1 Rad8 23. Re3 g6 24. Rg3 Kh8 25. Ne3 Ba3 26. Rb1 Bb4 27. Nef1 Re7
28. Ne4 Qb6 29. Ned2 Red7 30. Qe2 f6 31. Ne4 Bxe4 32. Bxe4 Qd4 33. Bf3 Nxf3+ 34.
Rxf3 Re7 35. Re3 Rxe3 36. Qxe3 Qxe3 37. Nxe3 Rd2 38. a4 bxa4 39. bxa4 a5 40. Ra1
Kg7 41. g4 {Game drawn by mutual agreement} 1/2-1/2

[Event "Team 45 45 League T37"]
[Site "Internet Chess Club"]
[Date "2008.06.01"]
[Round "6"]
[White "klutzer"]
[Black "sakschess"]
[Result "1-0"]
[WhiteElo "1613"]
[BlackElo "1570"]
[Opening "Levitsky attack (Queen's bishop attack)"]
[ECO "D00"]
[Time "21:00:25"]
[TimeControl "2700+45"]

1. d4 d5 2. Bg5 c5 3. Nc3 c4 4. e4 h6 5. Bh4 g5 6. Bg3 e6 7. e5 Bg7 8. Qf3 Ne7
9. O-O-O Nbc6 10. Nb5 Nf5 11. Nd6+ Nxd6 12. exd6 Bd7 13. Ne2 Qb6 14. c3 Rf8 15.
h4 O-O-O 16. hxg5 f5 17. gxh6 Rh8 18. Bf4 Rh7 19. g4 fxg4 20. Qxg4 Bf8 21. Qg6
Rh8 22. Bg2 Bxd6 23. Bxd6 Rhg8 24. Qf6 Rxg2 25. h7 Na5 26. h8=Q Rxh8 27. Rxh8+
{Black resigns} 1-0

[Event "Team 45 45 League T37"]
[Site "Internet Chess Club"]
[Date "2008.05.30"]
[Round "6"]
[White "natethegreat"]
[Black "Fineas-Fogg"]
[Result "1-0"]
[WhiteElo "1727"]
[BlackElo "1452"]
[Opening "French: Winawer, advance, 5.a3"]
[ECO "C17"]
[Time "17:58:05"]
[TimeControl "2700+45"]

1. e4 e6 2. d4 d5 3. Nc3 Bb4 4. e5 c5 5. a3 Ba5 6. f4 cxd4 7. Qxd4 a6 8. Nf3 Nc6
9. Qd3 d4 10. b4 Bb6 11. Ne4 Nge7 12. Nd6+ Kf8 13. Ng5 Nd5 14. Ndxf7 Ndxb4 15.
axb4 Nxb4 16. Qd1 Qc7 17. Bd3 Rg8 18. O-O h6 19. Qh5 Nxc2 20. Nd6 Ne3 21. Qe8#
{Black checkmated} 1-0

[Event "Team 45 45 League T37"]
[Site "Internet Chess Club"]
[Date "2008.05.30"]
[Round "6"]
[White "Chess2Play"]
[Black "Gamebler"]
[Result "0-1"]
[WhiteElo "1572"]
[BlackElo "1610"]
[Opening "QGD: Orthodox defense"]
[ECO "D60"]
[Time "22:04:49"]
[TimeControl "2700+45"]

1. d4 d5 2. c4 Nf6 3. Nc3 e6 4. Bg5 Be7 5. e3 O-O 6. Nf3 Nbd7 7. cxd5 exd5 8.
Bd3 c6 9. Rc1 a6 10. Bb1 h6 11. Bh4 Nb6 12. Qc2 g6 13. Ne5 Bf5 14. Qe2 Bxb1 15.
Rxb1 Nbd7 16. Nxd7 Qxd7 17. O-O Rae8 18. Rbc1 Kg7 19. Bg3 h5 20. Be5 h4 21. Na4
h3 22. g3 Kh7 23. Nc5 Bxc5 24. Bxf6 Be7 25. Bxe7 Rxe7 26. Rc3 Qf5 27. Rfc1 Rfe8
28. Rc5 Re4 29. Qd3 Rxe3 30. Qxf5 Re1+ 31. Rxe1 Rxe1# {White checkmated} 0-1

[Event "Team 45 45 League T37"]
[Site "Internet Chess Club"]
[Date "2008.05.30"]
[Round "6"]
[White "Toalla"]
[Black "OldBoy"]
[Result "1-0"]
[WhiteElo "1334"]
[BlackElo "1498"]
[Opening "Ruy Lopez: ...b5 & ...d6"]
[ECO "C78"]
[Time "12:30:10"]
[TimeControl "2700+45"]

1. e4 e5 2. Nf3 Nc6 3. Bb5 a6 4. Ba4 Nf6 5. O-O b5 6. Bb3 d6 7. c3 Bg4 8. Re1
Be7 9. h3 Bh5 10. d4 O-O 11. Nbd2 exd4 12. cxd4 Nxd4 13. a4 c5 14. axb5 axb5 15.
Ba2 Qc7 16. Nf1 Nxf3+ 17. gxf3 Nd7 18. Be3 Ne5 19. Nh2 c4 20. Ng4 f5 21. exf5
Rxf5 22. Nxe5 dxe5 23. Kg2 e4 24. Bxc4+ bxc4 25. Rxa8+ Rf8 26. Qd5+ Kh8 27.
Rxf8+ Bxf8 28. Qxh5 exf3+ 29. Kg1 Qd7 30. Qxf3 {Black resigns} 1-0

[Event "Team 45 45 League T37"]
[Site "Internet Chess Club"]
[Date "2008.06.02"]
[Round "6"]
[White "supraholic"]
[Black "Renato77"]
[Result "0-1"]
[WhiteElo "1290"]
[BlackElo "1187"]
[Opening "Scandinavian: Pytel-Wade variation"]
[ECO "B01"]
[Time "14:02:11"]
[TimeControl "2700+45"]

1. e4 d5 2. exd5 Qxd5 3. Nc3 Qd6 4. Nf3 e5 5. Ne4 Qe6 6. b3 Nf6 7. Nxf6+ Qxf6 8.
Bb2 Bd6 9. a4 O-O 10. Bc4 Nc6 11. h3 Qg6 12. O-O Bxh3 13. Nh4 Qg5 14. Qf3 Qxh4
15. Qxh3 Qf4 16. Bc3 Nd4 17. Bd3 g6 18. Rae1 Qg5 19. Re4 f5 20. Rh4 h5 21. f4
Qf6 22. Bxd4 exd4 23. Bc4+ Kg7 24. Qg3 Kh6 25. Re1 Rae8 26. Be2 Bc5 27. d3 Bb4
28. Bxh5 Rxe1+ 29. Kf2 gxh5 {White resigns} 0-1

[Event "Team 45 45 League T37"]
[Site "Internet Chess Club"]
[Date "2008.05.31"]
[Round "6"]
[White "BosqueVerde"]
[Black "CoasterBrake"]
[Result "0-1"]
[WhiteElo "1188"]
[BlackElo "1171"]
[Opening "Queen's pawn game"]
[ECO "E20"]
[Time "12:01:17"]
[TimeControl "2700+45"]

1. d4 Nf6 2. c4 e6 3. Nc3 a6 4. Nf3 d6 5. Bg5 Nbd7 6. Qc2 Be7 7. e4 c5 8. d5
exd5 9. cxd5 Nb6 10. h3 h6 11. Bxf6 Bxf6 12. Be2 Nd7 13. Rc1 Bg5 14. Rb1 O-O 15.
O-O Re8 16. a3 Ne5 17. b4 Nxf3+ 18. Bxf3 Rb8 19. Bh5 cxb4 20. axb4 b5 21. f4
Qb6+ 22. Kh2 Be7 23. Rf3 g6 24. Rg3 Bh4 25. Rf3 gxh5 26. g3 Bf6 27. e5 dxe5 28.
fxe5 Bxe5 29. Re1 Bb7 30. Ref1 Bxc3 31. Qxc3 Bxd5 32. Rf5 Re2+ 33. R1f2 Rxf2+
34. Rxf2 Qxf2# {White checkmated} 0-1

[Event "Team 45 45 League T37"]
[Site "Internet Chess Club"]
[Date "2008.05.31"]
[Round "6"]
[White "carolinaknight"]
[Black "EyeAm"]
[Result "0-1"]
[WhiteElo "1274"]
[BlackElo "1433"]
[Opening "Danish gambit"]
[ECO "C21"]
[Time "14:00:19"]
[TimeControl "2700+45"]

1. e4 e5 2. d4 exd4 3. c3 Nc6 4. Bc4 Nf6 5. f3 d5 6. Bb3 dxe4 7. cxd4 Nxd4 8.
Nc3 Bc5 9. fxe4 Bg4 10. Qd3 Nf3+ {White resigns} 0-1

[Event "Team 45 45 League T37"]
[Site "Internet Chess Club"]
[Date "2008.05.31"]
[Round "6"]
[White "Hastings"]
[Black "furrbrain"]
[Result "1-0"]
[WhiteElo "1336"]
[BlackElo "1205"]
[Opening "French: advance, Milner-Barry gambit"]
[ECO "C02"]
[Time "13:21:11"]
[TimeControl "2700+45"]

1. e4 e6 2. d4 d5 3. e5 c5 4. c3 Qb6 5. Nf3 Nc6 6. Bd3 Nge7 7. O-O Nf5 8. Bxf5
exf5 9. a3 cxd4 10. cxd4 Be7 11. b4 O-O 12. Nc3 Be6 13. Be3 Rac8 14. Rc1 Qa6 15.
Qb3 b5 16. Rfe1 Qb6 17. Ne2 a6 18. Ng5 Bxg5 19. Bxg5 Nxd4 20. Qe3 Nxe2+ 21. Rxe2
Rxc1+ 22. Qxc1 h6 23. Bf4 g5 24. Bxg5 hxg5 25. Qxg5+ Kh7 26. Re3 f4 27. Qxf4 Rg8
28. Qh4+ Kg7 29. Rg3+ Kf8 30. Qh6+ Ke7 31. Qf6+ Kf8 32. Qh6+ Ke7 33. Rxg8 {Black
resigns} 1-0

[Event "Team 45 45 League T37"]
[Site "Internet Chess Club"]
[Date "2008.06.02"]
[Round "6"]
[White "MeansToAnEnd"]
[Black "WzeroMN"]
[Result "1-0"]
[WhiteElo "1134"]
[BlackElo "1081"]
[Opening "Clemenz (Mead's, Basman's or de Klerk's) opening"]
[ECO "A00"]
[Time "20:00:05"]
[TimeControl "2700+45"]

1. h3 e5 2. h4 d5 3. d4 e4 4. Bg5 Be7 5. e3 Bxg5 6. hxg5 Qxg5 7. Nh3 Bxh3 8.
gxh3 Qe7 9. Qg4 f6 10. Qc8+ Qd8 11. Qxb7 Nd7 12. Bb5 Qb8 13. Bxd7+ Kxd7 14.
Qxd5+ Ke8 15. Qxe4+ Ne7 16. b3 Qb4+ 17. Nd2 Qb8 18. Nc4 Kf7 19. Rg1 g6 20. Qf3
Qb4+ 21. Nd2 Qa3 22. Nc4 Qb4+ 23. Kd1 Qb8 24. Ne5+ Kg7 25. Nd7 {Black resigns}
1-0

[Event "Team 45 45 League T37"]
[Site "Internet Chess Club"]
[Date "2008.05.29"]
[Round "6"]
[White "bmw2002"]
[Black "Ocho-Cinco"]
[Result "1-0"]
[WhiteElo "1650"]
[BlackElo "1761"]
[Opening "English: Caro-Kann defensive system"]
[ECO "A11"]
[Time "16:10:29"]
[TimeControl "2700+45"]

1. c4 c6 2. Nf3 e6 3. Nc3 d5 4. cxd5 exd5 5. d4 Nf6 6. g3 Bd6 7. Bg2 Bf5 8. O-O
Qd7 9. Re1 Na6 10. Nh4 Bh3 11. e4 Bxg2 12. e5 Bh3 13. exf6+ Kd8 14. fxg7 Rg8 15.
Bg5+ Kc7 16. Bf6 Rae8 17. Qc2 Kb8 18. Qxh7 {Black resigns} 1-0

[Event "Team 45 45 League T37"]
[Site "Internet Chess Club"]
[Date "2008.06.02"]
[Round "6"]
[White "clarinetref"]
[Black "Luckydawg"]
[Result "0-1"]
[WhiteElo "1636"]
[BlackElo "1737"]
[Opening "Réti: King's Indian attack"]
[ECO "A05"]
[Time "23:46:17"]
[TimeControl "2700+45"]

1. Nf3 Nf6 2. g3 g6 3. Bg2 Bg7 4. d3 d6 5. Nbd2 O-O 6. O-O c5 7. e4 Nc6 8. Re1
Qc7 9. c3 Bg4 10. h3 Bd7 11. d4 e5 12. dxc5 dxc5 13. a4 Rad8 14. Qc2 b6 15. Nc4
Be6 16. Ne3 c4 17. Ng5 Qc8 18. Nxe6 Qxe6 19. Rb1 Rc8 20. Kh2 Na5 21. Qe2 Qe8 22.
Qc2 Nb3 23. f4 exf4 24. gxf4 Qxa4 25. e5 Nd7 26. Bd5 Ndc5 27. Bxc4 b5 28. Bxb3
Qxb3 29. Qxb3 Nxb3 30. Nd5 Rc5 31. Ne7+ Kh8 32. Be3 Rc7 33. Nd5 Rd7 34. Nb4 Nd2
35. Bxd2 Rxd2+ 36. Kg3 Rfd8 37. Re3 Bf8 38. Nc6 R8d7 39. b4 Rc2 40. Nd4 Ra2 41.
Rbe1 a6 42. e6 fxe6 43. Rxe6 Ra3 44. R1e3 Kg7 45. R6e4 Bxb4 46. Ne6+ Kf6 47.
cxb4 Rxe3+ 48. Rxe3 Re7 49. Kg4 Rxe6 50. Rc3 h5+ 51. Kf3 Ke7 52. Rc5 Kf6 53. Rc3
Ke7 54. Rc5 Rd6 55. Rc3 Rd4 56. Rb3 Kd6 57. Ke3 Rc4 58. Rd3+ Kc6 59. Rb3 Kb6 60.
Kf3 a5 61. bxa5+ Kxa5 62. Ra3+ Kb6 63. Re3 Rc6 64. Rb3 Re6 65. Kg3 Kc5 66. Kh4
Kc4 67. Rf3 b4 68. f5 gxf5 69. Rxf5 b3 70. Kxh5 b2 71. Rf1 Rb6 72. h4 b1=Q 73.
Rxb1 Rxb1 74. Kg6 Rg1+ 75. Kf5 Kd5 76. h5 Rf1+ 77. Kg6 Ke6 78. h6 Rg1+ 79. Kh7
Rh1 80. Kg7 Rg1+ 81. Kh7 Kf6 82. Kh8 Rd1 83. Kg8 Kg6 84. Kf8 Kxh6 85. Ke7 Kg6
{White resigns} 0-1

[Event "Team 45 45 League T37"]
[Site "Internet Chess Club"]
[Date "2008.06.02"]
[Round "6"]
[White "MathWorker"]
[Black "RD1974"]
[Result "1-0"]
[WhiteElo "1589"]
[BlackElo "1587"]
[Opening "Scandinavian: Pytel-Wade variation"]
[ECO "B01"]
[Time "17:59:38"]
[TimeControl "2700+45"]

1. e4 d5 2. exd5 Qxd5 3. Nc3 Qd6 4. Nf3 Nf6 5. Bc4 a6 6. O-O b5 7. Bb3 c5 8. d3
e6 9. Bg5 Be7 10. Re1 Nbd7 11. Ne4 Qc6 12. a4 Bb7 13. Qd2 Rd8 14. axb5 axb5 15.
Qf4 O-O 16. Ne5 Nxe5 17. Qxe5 Kh8 18. f3 c4 19. dxc4 bxc4 20. Ba4 Qd5 21. Qxd5
Nxd5 22. Bxe7 Nxe7 23. Nc5 Bc6 24. Bxc6 Nxc6 25. Re4 Rb8 26. Nd7 Rfd8 27. Nxb8
Rxb8 28. Rxc4 Ne5 29. Rca4 g6 30. Ra8 Rxa8 31. Rxa8+ Kg7 32. b4 Nc4 33. Ra1 Kf6
34. Ra5 Ke7 35. Rc5 Nb6 36. Rc7+ Nd7 37. c4 Kd6 38. Rxd7+ Kxd7 39. Kf2 Kd6 40.
Ke3 Ke5 41. f4+ Kd6 42. Kd4 f6 43. b5 h6 44. c5+ Kc7 45. g4 Kb7 46. h4 g5 47.
hxg5 hxg5 48. fxg5 {Black resigns} 1-0

[Event "Team 45 45 League T37"]
[Site "Internet Chess Club"]
[Date "2008.06.01"]
[Round "6"]
[White "Aquaman"]
[Black "AlPearson"]
[Result "1-0"]
[WhiteElo "1420"]
[BlackElo "1425"]
[Opening "Pirc: Byrne variation"]
[ECO "B07"]
[Time "15:00:41"]
[TimeControl "2700+45"]

1. d4 Nf6 2. Nc3 g6 3. e4 d6 4. Bg5 Bg7 5. e5 dxe5 6. dxe5 Qxd1+ 7. Rxd1 Ng4 8.
h3 Nxe5 9. Nd5 f6 10. Nxc7+ Kf7 11. Bxf6 exf6 12. Nxa8 b6 13. Nc7 Bb7 14. c3 Rc8
15. Nb5 Ke7 16. Nxa7 Rc7 17. Nb5 Rc8 18. Nd6 Rc7 19. Nxb7 Rxb7 20. f4 Nf7 21. g4
Nc6 22. Bg2 Rc7 23. Bxc6 Rxc6 24. Nf3 Re6+ 25. Kf2 Kf8 26. Rhe1 Rc6 27. Nd4 Rc8
28. Ne6+ Kg8 29. Nxg7 Kxg7 30. Rd7 Kf8 31. Ree7 Nd8 32. Rxh7 Kg8 33. Rhg7+ Kf8
34. Rxg6 b5 35. Rxf6+ Ke8 36. Rh7 b4 37. Rh8+ Ke7 38. Rb6 bxc3 39. bxc3 Rxc3 40.
Rb2 Ne6 41. Re2 Kd7 42. Rh7+ Kd6 43. Rh6 Kd7 44. Rhxe6 Rxh3 45. R6e3 Rh4 46. Kg3
Rh1 47. g5 Rf1 48. Kg4 Rg1+ 49. Kf5 Rc1 50. Kf6 Rf1 51. f5 Rg1 52. g6 Rf1 53. g7
Rg1 54. Re8 Rh1 55. g8=Q Rh6+ 56. Kg7 Rh3 57. Qe6+ Kc7 58. Rc2+ Kb7 59. Qb3+ Ka7
60. Qxh3 Kb6 61. Qe3+ Kb5 62. Rb8+ Ka4 63. Qa7# {Black checkmated} 1-0

[Event "Team 45 45 League T37"]
[Site "Internet Chess Club"]
[Date "2008.05.29"]
[Round "6"]
[White "celebrat"]
[Black "jjmolina"]
[Result "1-0"]
[WhiteElo "1565"]
[BlackElo "1639"]
[Opening "Ruy Lopez: Anderssen variation"]
[ECO "C77"]
[Time "14:00:51"]
[TimeControl "2700+45"]

1. e4 e5 2. Nf3 Nc6 3. Bb5 a6 4. Ba4 Nf6 5. d3 b5 6. Bb3 Be7 7. c3 d5 8. exd5
Nxd5 9. O-O O-O 10. h3 a5 11. Bc2 Bf6 12. Nbd2 Bf5 13. Re1 Nf4 14. Ne4 Bxe4 15.
Rxe4 Ng6 16. Be3 Nh4 17. Nxh4 Bxh4 18. Qg4 Bf6 19. d4 exd4 20. cxd4 Re8 21.
Rxe8+ Qxe8 22. Re1 Qd7 23. Qe4 Qe8 24. Qxh7+ Kf8 25. Qh8+ Ke7 26. Bg5+ Kd7 27.
Bf5+ {Black resigns} 1-0

[Event "Team 45 45 League T37"]
[Site "Internet Chess Club"]
[Date "2008.05.31"]
[Round "6"]
[White "Shereshevsky"]
[Black "gtm"]
[Result "1-0"]
[WhiteElo "1544"]
[BlackElo "1597"]
[Opening "QGD semi-Slav"]
[ECO "D43"]
[Time "21:03:15"]
[TimeControl "2700+45"]

1. d4 d5 2. Nf3 Nf6 3. c4 c6 4. Nc3 e6 5. Bg5 h6 6. Bh4 dxc4 7. a4 a6 8. e3 Bb4
9. Bxf6 Qxf6 10. Bxc4 O-O 11. O-O Nd7 12. Ne4 Qe7 13. Rc1 b5 14. Bb3 Bb7 15. Qd3
Rfd8 16. Bc2 Nf8 17. Bb1 Rac8 18. Nc5 Bxc5 19. Rxc5 Qxc5 20. dxc5 Rxd3 21. Bxd3
b4 22. Rd1 a5 23. Ne5 f6 24. Nc4 Ra8 25. Nd6 Rb8 26. Nxb7 Rxb7 27. Be4 Rc7 28.
Rd6 Nd7 29. Rxe6 Nxc5 30. Rxc6 Rxc6 31. Bxc6 Kf7 32. Kf1 Ke6 33. Ke2 Kd6 34. Bb5
Nb7 35. Kd3 Kc5 36. Bc4 Nd6 37. Be6 Nb7 38. Ke4 Kd6 39. Kf5 Nc5 40. Bf7 Nxa4 41.
b3 Nc5 42. Kg6 Ne6 43. Kf5 Nf8 44. g4 Ke7 45. Bd5 g6+ 46. Ke4 Nd7 47. h4 g5 48.
hxg5 hxg5 49. f4 Nc5+ 50. Kd4 Kd6 51. Bc4 gxf4 52. exf4 Nd7 53. g5 fxg5 54. fxg5
Ne5 55. Bd5 Ng6 56. Ke4 Ne7 57. Bc4 Nc6 58. g6 Ne7 59. g7 Kc5 60. g8=Q Nxg8 61.
Bxg8 Kb5 62. Bc4+ Kc5 63. Kd3 Kc6 64. Kd4 Kd6 65. Bg8 Kc6 66. Kc4 Kb6 67. Bd5
Ka6 68. Kc5 a4 69. bxa4 Ka5 70. Bb3 Ka6 71. Kxb4 Kb6 72. a5+ Ka6 73. Bc4+ Ka7
74. Kc5 Kb7 75. Kd6 Ka7 76. Kc7 Ka8 77. a6 Ka7 78. Bb5 Ka8 79. Kb6 Kb8 80. Bc6
{Black resigns} 1-0

[Event "Team 45 45 League T37"]
[Site "Internet Chess Club"]
[Date "2008.05.29"]
[Round "6"]
[White "ADIOKiddo4Ever"]
[Black "PANAMA-REY"]
[Result "1-0"]
[WhiteElo "1619"]
[BlackElo "1411"]
[Opening "Vienna: Paulsen-Mieses variation"]
[ECO "C26"]
[Time "20:54:21"]
[TimeControl "2700+45"]

1. e4 e5 2. Nc3 Nf6 3. g3 d6 4. Bg2 c6 5. d3 Bg4 6. f3 Bh5 7. g4 Bg6 8. f4 exf4
9. Bxf4 Be7 10. Qe2 h6 11. h3 Nbd7 12. Nf3 Qc7 13. O-O-O O-O-O 14. Nh4 Bh7 15.
Nf5 Bf8 16. Be3 Kb8 17. d4 Bxf5 18. gxf5 Be7 19. Kb1 d5 20. exd5 cxd5 21. Nb5
Qb6 22. Bf4+ Kc8 23. c4 Rde8 24. cxd5 Bc5 25. Qc4 a6 26. Nd6+ Kd8 27. Nxf7+ Kc8
28. Nd6+ Kd8 29. dxc5 Qxc5 30. Nxb7+ Kc8 31. Nxc5 Nxc5 {Black resigns} 1-0

[Event "Team 45 45 League T37"]
[Site "Internet Chess Club"]
[Date "2008.05.31"]
[Round "6"]
[White "Emrebey"]
[Black "Tazmataz"]
[Result "0-1"]
[WhiteElo "1684"]
[BlackElo "1596"]
[Opening "Réti opening"]
[ECO "A04"]
[Time "11:26:51"]
[TimeControl "2700+45"]

1. Nf3 b6 2. g3 c6 3. Bg2 d5 4. d4 Nd7 5. c4 e6 6. Qa4 Bb7 7. Bf4 Ne7 8. Nc3 Ng6
9. Bd2 a6 10. Qc2 Be7 11. b3 O-O 12. O-O Bf6 13. Qd3 Rc8 14. e4 e5 15. dxe5
Ndxe5 16. Nxe5 Nxe5 17. Qe2 d4 18. f4 dxc3 19. fxe5 Bxe5 20. Bf4 Bd4+ 21. Be3 c5
22. Rad1 Re8 23. Bxd4 cxd4 24. Qc2 Rc7 25. Rd3 Bxe4 26. Bxe4 Rxe4 27. Rxc3 Rce7
28. Qd2 Re3 29. Rxe3 Rxe3 30. Rf4 Qe8 31. Kf2 Re4 32. Rxe4 Qxe4 33. Qe2 Qf5+ 34.
Kg2 g6 35. Qf3 Qc2+ 36. Qf2 d3 37. Kf3 d2 38. Qxb6 d1=Q+ 39. Kf4 Qf5+ 40. Ke3
Qdd3# {White checkmated} 0-1

[Event "Team 45 45 League T37"]
[Site "Internet Chess Club"]
[Date "2008.05.28"]
[Round "6"]
[White "Just-Jim"]
[Black "Tomate"]
[Result "1/2-1/2"]
[WhiteElo "1299"]
[BlackElo "1461"]
[Opening "Sicilian"]
[ECO "B50"]
[Time "19:14:21"]
[TimeControl "2700+45"]

1. e4 c5 2. Nf3 d6 3. h3 Nf6 4. Nc3 Nc6 5. Bc4 g6 6. O-O Bg7 7. a3 O-O 8. d3 a6
9. Re1 b5 10. Bb3 Bb7 11. Nd5 Nd7 12. c3 e6 13. Ne3 a5 14. Ng4 a4 15. Ba2 Nce5
16. Bg5 Qc7 17. Nh6+ Kh8 18. d4 Nxf3+ 19. Qxf3 c4 20. Ng4 f6 21. Bh4 f5 22. Nh2
Bxe4 23. Qe3 Bd5 24. Nf3 Rae8 25. Bg5 Qb7 26. Nh4 e5 27. dxe5 dxe5 28. Bh6 f4
29. Bxg7+ Kxg7 30. Qe2 f3 31. Qd2 fxg2 32. Rad1 Bc6 33. Bb1 Nf6 34. Nf5+ gxf5
35. Qg5+ Kh8 36. Bxf5 Qg7 37. Qxg7+ Kxg7 38. Rd6 Nh5 39. Bg4 Nf6 40. Rxc6 Nxg4
41. hxg4 Rf6 42. Rxf6 Kxf6 43. Kxg2 Kg5 44. Re4 Kf6 45. f4 h6 46. Kf3 Re6 47.
fxe5+ Rxe5 48. Rxe5 Kxe5 49. Kg3 Kf6 50. Kf4 Ke6 51. Ke4 Kf6 52. Kf4 Ke6 53. Kf3
Ke5 54. Kg3 Kf6 55. Kh4 Kg6 56. Kg3 {Game drawn by mutual agreement} 1/2-1/2

[Event "Team 45 45 League T37"]
[Site "Internet Chess Club"]
[Date "2008.06.02"]
[Round "6"]
[White "katabatico"]
[Black "Traho"]
[Result "1-0"]
[WhiteElo "1381"]
[BlackElo "1233"]
[Opening "Caro-Kann: exchange variation"]
[ECO "B13"]
[Time "16:01:42"]
[TimeControl "2700+45"]

1. e4 c6 2. d4 d5 3. exd5 cxd5 4. Bd3 Nc6 5. c3 e6 6. Nf3 Nf6 7. Bf4 Bd6 8. Bxd6
Qxd6 9. h3 a6 10. O-O O-O 11. Nbd2 b5 12. Re1 Bd7 13. Ne5 Qc7 14. Re3 Nxe5 15.
dxe5 Ne8 16. Qh5 g6 17. Qh6 Ng7 18. Nf3 Nf5 19. Bxf5 exf5 20. Ng5 Rfd8 21. Qxh7+
{Black resigns} 1-0

[Event "Team 45 45 League T37"]
[Site "Internet Chess Club"]
[Date "2008.06.01"]
[Round "6"]
[White "Conjurer"]
[Black "Visin"]
[Result "0-1"]
[WhiteElo "1235"]
[BlackElo "1386"]
[Opening "English: Anglo-Dutch defense"]
[ECO "A10"]
[Time "12:03:19"]
[TimeControl "2700+45"]

1. c4 f5 2. g3 Nf6 3. Bg2 c6 4. Nc3 d5 5. cxd5 Nxd5 6. Nxd5 cxd5 7. Qb3 e6 8. d4
Nc6 9. Nf3 Bb4+ 10. Bd2 Bxd2+ 11. Nxd2 Nxd4 12. Qc3 e5 13. O-O O-O 14. Rfe1 Be6
15. e3 Nc6 16. Rac1 Rc8 17. Nf3 e4 18. Ne5 Qf6 19. Nxc6 Rxc6 20. Qb4 Qf7 21. f4
Rfc8 22. Rc3 Rxc3 23. bxc3 Qc7 24. Rc1 b6 25. Qd4 Qc5 26. Bf1 Qxd4 27. exd4 Rc7
28. Bb5 Kf8 29. Kf2 Ke7 30. Ke3 Bd7 31. a4 h6 32. Rc2 g5 33. Rc1 g4 34. Kd2 Kf6
35. Bxd7 Rxd7 36. c4 Rc7 37. c5 bxc5 38. Rxc5 Rxc5 39. dxc5 Ke7 40. Ke3 Kd7 41.
Kd4 Kc6 42. a5 e3 43. Kxe3 Kxc5 44. Kd3 a6 45. Kc3 h5 46. Kd3 d4 47. Kd2 Kc4 48.
Kc2 d3+ 49. Kd2 Kd4 50. Kd1 Ke3 51. Ke1 Kf3 52. Kd2 Kg2 53. Kxd3 Kxh2 54. Ke2
Kxg3 55. Kf1 Kxf4 56. Kf2 h4 57. Kg2 h3+ 58. Kh2 Ke3 59. Kh1 g3 60. Kg1 f4 61.
Kh1 f3 62. Kg1 f2+ 63. Kf1 g2# {White checkmated} 0-1

[Event "Team 45 45 League T37"]
[Site "Internet Chess Club"]
[Date "2008.05.28"]
[Round "6"]
[White "scottrugby"]
[Black "Mfalme"]
[Result "0-1"]
[WhiteElo "1512"]
[BlackElo "1400"]
[Opening "Philidor: exchange variation"]
[ECO "C41"]
[Time "23:00:13"]
[TimeControl "2700+45"]

1. e4 e5 2. Nf3 d6 3. d4 exd4 4. Nxd4 Bd7 5. Nc3 Nc6 6. Be3 Nf6 7. Be2 Be7 8.
Qd2 a6 9. h3 b5 10. O-O b4 11. Nd5 Nxe4 12. Qe1 Nxd4 13. Bxd4 c5 14. Be3 O-O 15.
Bf4 Nf6 16. Nxf6+ Bxf6 17. Bxd6 Re8 18. Rb1 Bb5 19. Qd2 Bxe2 20. Rfe1 Bb5 21.
Rxe8+ Qxe8 22. Bxc5 a5 23. Re1 Qd8 24. Qxd8+ Rxd8 25. Bb6 Ra8 26. b3 g6 27. Re3
Kg7 28. c4 bxc3 29. a4 Bd7 30. Rd3 Be6 31. Bd4 Bxd4 32. Rxd4 Bxb3 33. Rd3 Rc8
34. Re3 Bxa4 35. Re1 Bb3 36. f3 a4 37. Kf2 c2 38. Rc1 Rd8 39. Ke2 Kf6 40. g3 Ke5
41. Ke3 Rc8 42. Kd3 f5 43. f4+ Kf6 44. Kd4 h6 45. Kd3 g5 46. Ke3 Rc3+ 47. Kf2
Rd3 48. fxg5+ hxg5 {White resigns} 0-1

[Event "Team 45 45 League T37"]
[Site "Internet Chess Club"]
[Date "2008.05.30"]
[Round "6"]
[White "Fidelian"]
[Black "trigger"]
[Result "1-0"]
[WhiteElo "1352"]
[BlackElo "1439"]
[Opening "Ruy Lopez: exchange, Keres variation"]
[ECO "C68"]
[Time "13:57:34"]
[TimeControl "2700+45"]

1. e4 e5 2. Nf3 Nc6 3. Bb5 a6 4. Bxc6 dxc6 5. Nc3 Bd6 6. d4 Bg4 7. dxe5 Bxf3 8.
Qxf3 Bxe5 9. Bf4 Bxf4 10. Qxf4 Nf6 11. O-O O-O 12. Rad1 Qe7 13. Rfe1 Rad8 14.
Rd3 Rxd3 15. cxd3 Rd8 16. Rd1 Rd7 17. h3 Qb4 18. Qc1 Qd4 19. Qc2 b5 20. Ne2 Qb6
21. Rc1 h6 22. Kf1 Ne8 23. Ng3 Rd6 24. Qc3 Rf6 25. d4 Nd6 26. e5 Rf4 27. exd6
cxd6 28. Ne2 Rf5 29. Qxc6 Qa5 30. Qc8+ Kh7 31. Qxf5+ {Black resigns} 1-0

[Event "Team 45 45 League T37"]
[Site "Internet Chess Club"]
[Date "2008.06.03"]
[Round "6"]
[White "dharris"]
[Black "supraholic"]
[Result "0-1"]
[WhiteElo "1099"]
[BlackElo "1298"]
[Opening "Four knights: Spanish, classical defense"]
[ECO "C48"]
[Time "16:18:37"]
[TimeControl "2700+45"]

1. e4 e5 2. Nf3 Nc6 3. Bb5 Nf6 4. Nc3 Bc5 5. O-O d6 6. d4 exd4 7. Nxd4 Bxd4 8.
Qxd4 Bd7 9. Bxc6 Bxc6 10. Re1 O-O 11. b3 Re8 12. Bb2 Ng4 13. Nd5 Ne5 14. c4 Re6
15. c5 Rg6 16. Nf4 Rh6 17. Rad1 Qh4 18. Nh3 Qxh3 19. gxh3 Nf3+ 20. Kh1 Nxd4 21.
Bxd4 dxc5 22. Bxc5 Re6 23. f3 f5 24. Rd4 fxe4 25. fxe4 Rae8 26. Rf1 Bxe4+ 27.
Kg1 Rg6+ 28. Kf2 Rg2+ 29. Ke1 Bc2+ {White resigns} 0-1

[Event "Team 45 45 League T37"]
[Site "Internet Chess Club"]
[Date "2008.06.02"]
[Round "6"]
[White "Boromir"]
[Black "DFME"]
[Result "1/2-1/2"]
[WhiteElo "2014"]
[BlackElo "1633"]
[Opening "English opening"]
[ECO "A05"]
[Time "16:03:03"]
[TimeControl "2700+45"]

1. Nf3 Nf6 2. c4 g6 3. Nc3 Bg7 4. g3 d5 5. cxd5 Nxd5 6. Bg2 O-O 7. O-O c6 8. d4
Bg4 9. h3 Be6 10. Ng5 Bc8 11. e4 Nxc3 12. bxc3 e5 13. Be3 Na6 14. d5 cxd5 15.
exd5 {Game drawn by mutual agreement} 1/2-1/2